 Dungeon Crawl Stone Soup version 0.30-a0-1161-g0704695555 (webtiles) character file.

Game seed: 4818141814125169256

86 CowFu the Slasher (level 4, -3/35 HPs)
             Began as a Demonspawn Fighter on Apr 28, 2023.
             Was a Follower of Dithmenos.
             Slain by Crazy Yiuf
             ... wielding a +2 quarterstaff of chaos
              (4 damage)
             ... on level 2 of the Dungeon.
             The game lasted 00:03:26 (1990 turns).

CowFu the Slasher (Demonspawn Fighter)              Turns: 1990, Time: 00:03:26

Health: -3/35      AC:  7    Str: 19    XL:     4   Next: 26%
Magic:  3/4        EV:  9    Int:  9    God:    Dithmenos [*.....]
Gold:   45         SH:  4    Dex: 12    Spells: 3/3 levels left

rFire   . . .        a - +0 long sword
rCold   . . .        c - +0 buckler
rNeg    . . .        h - +0 scale mail
rPois   .            (helmet restricted)
rElec   .            (no cloak)
rCorr   .            (no gloves)
SInv    .            j - +0 pair of boots
Will    .....        (no amulet) Stlth
                     (no ring)
HPRegen 0.25/turn    (no ring)
MPRegen 0.09/turn

%: no passive effects
@: lethally poisoned (-3 -> -8), wreathed by umbra
A: antennae 2
a: Renounce Religion


You were on level 2 of the Dungeon.
You worshipped Dithmenos.
Dithmenos was aware of your devotion.
You visited 1 branch of the dungeon, and saw 2 of its levels.

You collected 96 gold pieces.
You spent 51 gold pieces at shops.

Inventory:

Hand Weapons
 a - a +0 long sword (weapon)
 b - a +0 rapier
Armour
 c - a +0 buckler (worn)
 h - a +0 scale mail (worn)
 j - a +0 pair of boots (worn)
Wands
 e - a wand of flame (9)
Scrolls
 g - a scroll of fear {unknown}
 l - 2 scrolls of teleportation {unknown}
 m - a scroll of vulnerability {unknown}
Potions
 f - a potion of attraction {unknown}
 i - a potion of mutation {unknown}
 k - a potion of brilliance {unknown}


   Skills:
 - Level 3.0 Fighting
 + Level 4.2 Long Blades
 - Level 2.6 Armour
 - Level 2.6 Shields


You had 3 spell levels left.
You didn't know any spells.
Your spell library contained the following spells:

 Spells                   Type           Power      Damage    Failure   Level
 Blink                    Tloc           0%         N/A       93%         2
 Manifold Assault         Tloc           0%         N/A       100%        4
 Alistair's Intoxication  Tmut/Pois      0%         N/A       100%        5
 Borgnjor's Vile Clutch   Necr/Erth      0%         N/A       100%        5
 Eringya's Noxious Bog    Tmut/Pois      0%         N/A       100%        6
 Storm Form               Tmut/Air       0%         N/A       100%        7


Dungeon Overview and Level Annotations

Branches:
Dungeon (2/15)

Altars:
Dithmenos

Shops:
D:1 *

Annotations:
D:2 Crazy Yiuf


Innate Abilities, Weirdness & Mutations

You have a pair of antennae on your head.


Message History

You hit Crazy Yiuf.
Crazy Yiuf is moderately wounded.
Crazy Yiuf says, "Race!"
Crazy Yiuf hits you with a +2 quarterstaff of chaos!
Crazy Yiuf cries, "Two bag meccalolo!"
Crazy Yiuf hits you with a +2 quarterstaff of chaos.
You feel your power leaking away.
You closely miss Crazy Yiuf.
Crazy Yiuf is moderately wounded.
Crazy Yiuf closely misses you.
You barely miss Crazy Yiuf.
Crazy Yiuf is moderately wounded.
Crazy Yiuf hits you with a +2 quarterstaff of chaos.
You are electrocuted!
* * * LOW HITPOINT WARNING * * *
You feel much better. Crazy Yiuf barely misses you.
You closely miss Crazy Yiuf.
Crazy Yiuf is moderately wounded.
Crazy Yiuf glowers.
Crazy Yiuf hits you with a +2 quarterstaff of chaos!
You convulse.
You hit Crazy Yiuf but do no damage.
Crazy Yiuf is moderately wounded.
Crazy Yiuf hits you but does no damage.
You barely miss Crazy Yiuf.
Crazy Yiuf is moderately wounded.
You block Crazy Yiuf's attack.
Crazy Yiuf hits you with a +2 quarterstaff of chaos!
You are poisoned.
You closely miss Crazy Yiuf.
Crazy Yiuf is moderately wounded.
You feel very sick. You block Crazy Yiuf's attack.
You hit Crazy Yiuf.
Crazy Yiuf is heavily wounded.
You feel sick.
Crazy Yiuf hits you with a +2 quarterstaff of chaos!
* * * LOW HITPOINT WARNING * * *
Crazy Yiuf burns you.
You die...

####### #.##)#...
###.##.#...
#...##.#...
###.##.#... #..#.#...
#........ ###
####.##..... #)..###
##P...##....#
#...g@####PP.........#
#...##..#.P#.........(
### ###.#.........###
#######.....# #
#.....# # #.....# #
#.....# # ####### # #


You could see Crazy Yiuf.

Vanquished Creatures
  An adder (D:2)
  4 gnolls (D:2)
  2 dart slugs (D:1)
  3 ball pythons
  3 bats (D:1)
  2 endoplasms
  2 giant cockroaches
  3 goblins (D:1)
  4 hobgoblins (D:1)
  A jackal (D:1)
  2 quokkas (D:1)
  3 kobolds
30 creatures vanquished.

Vanquished Creatures (others)
  A fungus (D:2)
1 creature vanquished.

Grand Total: 31 creatures vanquished

Notes
Turn   | Place    | Note
-------+----------+-------------------------------------------
     0 | D:1      | CowFu the Demonspawn Fighter began the quest for the Orb.
     0 | D:1      | Reached XP level 1. HP: 18/18 MP: 1/1
    89 | D:1      | Reached skill level 2 in Long Blades
   114 | D:1      | Gained mutation: You have a pair of small antennae on your
                  | head. [demonic ancestry]
   114 | D:1      | Reached XP level 2. HP: 24/24 MP: 2/2
   523 | D:1      | Reached skill level 3 in Long Blades
   624 | D:1      | Noticed an eye of devastation
   625 | D:1      | Found a faded altar of an unknown god.
   629 | D:1      | Noticed a floating eye
   632 | D:1      | Noticed a great orb of eyes
   632 | D:1      | Noticed an eye of devastation
   638 | D:1      | Prayed at the altar of an unknown god.
   638 | D:1      | Became a worshipper of Dithmenos the Shadowed
   638 | D:1      | Reached * piety under Dithmenos
   794 | D:1      | Gained mutation: You have a pair of antennae on your head.
                  | [demonic ancestry]
   794 | D:1      | Reached XP level 3. HP: 29/29 MP: 3/3
   947 | D:1      | Found Leefy's Assorted Antiques.
   957 | D:1      | Bought a white potion for 24 gold pieces
   957 | D:1      | Bought a scroll labelled DIWUON LALO for 27 gold pieces
  1323 | D:2      | Reached skill level 4 in Long Blades
  1323 | D:2      | Reached XP level 4. HP: 19/35 MP: 4/4
  1975 | D:2      | Found a runed translucent door.
  1976 | D:2      | Noticed Crazy Yiuf
  1990 | D:2      | HP: 1/35 [Crazy Yiuf/+2 quarterstaff of chaos (9)]
  1990 | D:2      | Slain by Crazy Yiuf

Illustrated notes

Levels and vault maps discovered:
D:1:      erik_arrival_cave_to_civilisation [erik_arrival_cave_to_hall],
          layout_loops_ring, serial_shops, nicolae_lakefront_shop,
          hellmonk_ecumenical_altar_watching_god, palyth_stone_intersect
D:2:      layout_basic, uniq_crazy_yiuf_cottage

Skill      XL: |  1  2  3 |
---------------+----------+-----
Long Blades    | 2 3 4 |  4.2
Fighting       | |  3.0
Armour         | |  2.6
Shields        | |  2.6

Action                     |  1- 3 |  4- 6 || total
---------------------------+-------+-------++-------
  Melee: Long sword        |   105 |    22 ||   127
    Use: Potion            |     1 |     1 ||     2
         Scroll            |       |     2 ||     2
 Armour: Scale mail        |    45 |     5 ||    50
  Dodge: Dodged            |    48 |     9 ||    57
  Block: Buckler           |    26 |     3 ||    29

Table legend: (Time is in decaauts)
 A = Elapsed time spent in this place.
 B = Non-inter-level travel time spent in this place.
 C = Inter-level travel time spent in this place.
 D = Time resting spent in this place.
 E = Time spent auto-exploring this place.
 F = Levels seen in this place.
 G = Mean time per level.
                   A        B        C        D        E       F      G
               +--------+--------+--------+--------+--------+-----+--------+
         Total |   2025 |   1963 |     62 |      0 |   1618 |   2 | 1012.5 |
       Dungeon |   2025 |   1963 |     62 |      0 |   1618 |   2 | 1012.5 |
               +--------+--------+--------+--------+--------+-----+--------+

Top non-repeatable levels by time:
     D:1: 1119 daAuts
     D:2: 906 daAuts
